 Dungeon Crawl Stone Soup version 0.28.0-53-g5a82cb258f (webtiles) character file.

Game seed: 16492160575754258633

25 Eitelfritz the Slasher (level 2, -2/25 HPs)
             Began as a Minotaur Gladiator on Aug 6, 2022.
             Slain by a gnoll
             ... wielding a +0 whip
              (3 damage)
             ... on level 2 of the Dungeon.
             The game lasted 00:01:50 (1562 turns).

Eitelfritz the Slasher (Minotaur Gladiator)         Turns: 1562, Time: 00:01:52

Health: -2/25      AC: 10    Str: 18    XL:     2   Next: 82%
Magic:  1/1        EV:  8    Int:  5    God:
Gold:   25         SH:  0    Dex: 11    Spells: 1/1 levels left

rFire   . . .      SeeInvis .   a - +0 long sword
rCold   . . .      Faith    .   (no shield)
rNeg    . . .      Spirit   .   e - +0 shadow dragon scales
rPois   .          Reflect  .   c - +0 hat
rElec   .          Harm     .   (no cloak)
rCorr   .          Rampage  .   (no gloves)
Will    .....                   (no boots)
Stlth   ++........              (no amulet)
HPRegen 0.08/turn               (no ring)
MPRegen 0.07/turn               (no ring)

@: no status effects
A: horns 2, retaliatory headbutt
a: no special abilities


You were on level 2 of the Dungeon.
You visited 1 branch of the dungeon, and saw 2 of its levels.

You collected 25 gold pieces.

Inventory:

Hand Weapons
 a - a +0 long sword (weapon)
Missiles
 d - 3 throwing nets (quivered)
 i - 17 arrows
Armour
 b - a +0 leather armour
 c - a +0 hat (worn)
 e - +0 shadow dragon scales (worn)
Scrolls
 f - a scroll of noise {unknown}
 g - a scroll of fog {unknown}
 h - a scroll of silence {unknown}


   Skills:
 + Level 2.6 Fighting
 + Level 4.5 Long Blades
 + Level 2.0 Throwing
 + Level 0.3 Armour
 + Level 3.5 Dodging
 + Level 0.3 Stealth


You had one spell level left.
You didn't know any spells.
Your spell library was empty.

Dungeon Overview and Level Annotations

Branches:
Dungeon (2/15)

Altars:
Vehumet


Innate Abilities, Weirdness & Mutations

You have a pair of horns on your head.
You reflexively headbutt those who attack you in melee.


Message History

Found a scroll labelled IHUSACUAPA.
The ball python hisses angrily.
The ball python bites you. The ball python grabs you.
The ball python constricts you.
You hit the ball python.
You kill the ball python!
HP restored.
g - a scroll labelled IHUSACUAPA
There is a radiant altar of Vehumet here.
You now have 25 gold pieces (gained 13).
h - a scroll labelled LOSEFIWAME
Found 17 arrows.
You see here 17 arrows.
Found a hunting sling.
You see here 17 arrows.
i - 17 arrows The endoplasm quivers.
The endoplasm barely misses you.
You barely miss the endoplasm.
You headbutt the endoplasm, but do no damage.
The endoplasm hits you.
The gnoll shouts!
You slash the endoplasm!
You kill the endoplasm!
You hear a shout!
You aren't carrying any potions.
You hit the gnoll.
The gnoll is moderately wounded.
The gnoll closely misses you.
You closely miss the gnoll. Your headbutt misses the gnoll.
The gnoll is moderately wounded.
The gnoll hits you with a +0 whip. The gnoll hits you with a +3 halberd.
The gnoll closely misses you.
You closely miss the gnoll. You headbutt the gnoll.
The gnoll is severely wounded.
The gnoll hits you with a +3 halberd!
Ouch! That really hurt!
* * * LOW HITPOINT WARNING * * *
The gnoll hits you with a +0 whip.
You die...

.......# #..g........)#
.....gg#########†###..<.....#
.......†.J......g.........#.#
...).#########..##..........#
####.# #..###.###..).### #
#.# ###............## # #.#
###....##.######.# ####.#
#.....###g# ...
..##.####.#.###.@g# ##..
...#.##.....##..### #.
.........##.#..##
#.............##
.....##...#..#####
.....##..........#
.........###.###.# <......#.#
#...# ## #........#####.# .#


You could see 2 gnolls.

Vanquished Creatures
  A ball python (D:2)
  4 endoplasms
  4 giant cockroaches
  A goblin (D:1)
  3 hobgoblins
  4 quokkas
  A bat (D:1)
  A rat (D:2)
19 creatures vanquished.

Notes
Turn   | Place    | Note
-------+----------+-------------------------------------------
     0 | D:1      | Eitelfritz the Minotaur Gladiator began the quest for the
                  | Orb.
     0 | D:1      | Reached XP level 1. HP: 18/18 MP: 0/0
   403 | D:1      | You fall into a shaft and drop 1 floor!
   415 | D:2      | Reached skill level 4 in Long Blades
   428 | D:1      | Reached XP level 2. HP: 17/25 MP: 1/1
  1437 | D:2      | Found a radiant altar of Vehumet.
  1562 | D:2      | HP: 1/25 [gnoll/+3 halberd (14)]
  1562 | D:2      | Slain by a gnoll

Illustrated notes

Levels and vault maps discovered:
D:1:      amcnicky_arrival_single_pillar, layout_basic, nrook_campfire
D:2:      layout_rooms, basic_altar, palyth_stone_intersect

Skill      XL: |  1 |
---------------+----+-----
Long Blades    | 4 |  4.5
Fighting       | |  2.6
Throwing       | |  2.0
Armour         | |  0.3
Dodging        | |  3.5
Stealth        | |  0.3

Action                   || total
-------------------------++-------
Melee: Long sword        ||    50
       Headbutt          ||     3
 Stab: Sleeping          ||     5
Armor: Shadow dragon sca ||    21
       Leather armour    ||     1
Dodge: Dodged            ||    19
